 Dungeon Crawl Stone Soup version 0.28.0 (webtiles) character file.

Game seed: 10660183588412068589

1670 MacCMillion the Grappler (level 8, 0/81 HPs)
             Began as a Troll Monk on Feb 18, 2022.
             Was a Believer of Makhleb.
             Slain by a steam dragon (10 damage)
             ... on level 7 of the Dungeon.
             The game lasted 00:08:34 (4371 turns).

MacCMillion the Grappler (Troll Monk)               Turns: 4371, Time: 00:08:34

Health: 0/81       AC:  4    Str: 20 (22) XL:     8   Next: 69%
Magic:  8/8        EV: 10    Int:  4 (6)  God:    Makhleb [**....]
Gold:   357        SH:  0    Dex: 10 (12) Spells: 7/7 levels left

rFire   . . .      SeeInvis .     - Unarmed
rCold   . . .      Faith    .   (no shield)
rNeg    . . .      Spirit   .   a - +0 robe
rPois   .          Reflect  .   (helmet restricted)
rElec   .          Harm     .   j - scarf {+Inv}
rCorr   .          Rampage  .   (gloves unavailable)
Will    .....                   (boots unavailable)
Stlth   +.........              (no amulet)
HPRegen 1.03/turn               f - ring of wizardry
MPRegen 0.11/turn               (no ring)

@: flying, studying 2 skills
A: large, unfitting armour, claws 3, regeneration 1, shaggy fur 1, tough skin 1
a: Renounce Religion, Evoke Invisibility, Minor Destruction


You were on level 7 of the Dungeon.
You worshipped Makhleb.
Makhleb was pleased with you.
You visited 2 branches of the dungeon, and saw 8 of its levels.

You collected 357 gold pieces.

Inventory:

Hand Weapons
 r - a +0 giant spiked club
Missiles
 u - 5 silver javelins (quivered)
Armour
 a - a +0 robe (worn)
 j - a scarf of invisibility (worn)
Jewellery
 f - a ring of wizardry (left claw)
Scrolls
 e - 3 scrolls of amnesia {unknown}
 g - 5 scrolls of identify {unknown}
 h - a scroll of noise {unknown}
 k - 3 scrolls of immolation {unknown}
 m - 8 scrolls of teleportation {unknown}
 p - a scroll of magic mapping {unknown}
 s - a scroll of holy word {unknown}
 t - a scroll of enchant weapon {unknown}
 v - a scroll of blinking {unknown}
Potions
 b - a potion of flight
 c - a potion of haste {unknown}
 d - a potion of heal wounds {unknown}
 i - a potion of degeneration
 l - 2 potions of curing {unknown}
 n - 2 potions of resistance {unknown}
 o - 2 potions of brilliance {unknown}
 q - a potion of mutation {unknown}
 w - a potion of attraction {unknown}


   Skills:
 + Level 5.6 Fighting
 - Level 3.0 Dodging
 - Level 1.1 Stealth
 * Level 9.3 Unarmed Combat
 + Level 1.6 Invocations


You had 7 spell levels left.
You didn't know any spells.
Your spell library contained the following spells:

 Spells                   Type           Power      Damage    Failure   Level
 Beastly Appendage        Tmut           0%         N/A       22%         1
 Wereblood                Tmut           0%         N/A       32%         2
 Spider Form              Tmut/Pois      0%         N/A       52%         3


Dungeon Overview and Level Annotations

Branches:
Dungeon (7/15)             Temple (1/1) D:6

Altars:
Ashenzari
Cheibriados
Dithmenos
Elyvilon
Fedhas
Gozag
Hepliaklqana
Makhleb
Nemelex Xobeh
Okawaru
Qazlal
Ru
Sif Muna
Trog
Uskayaw
Vehumet
Wu Jian
Xom
Yredelemnul
Zin
The Shining One


Innate Abilities, Weirdness & Mutations

You are too large for most types of armour.
You have claws for hands.
Your natural rate of healing is unusually fast.
You are covered in fur. (AC +1)
You have tough skin. (AC +1)


Message History

You are engulfed in a cloud of scalding steam.
The steam dragon bites you. The steam dragon barely misses you.
Things that are here:
a +0 whip; an orc corpse The steam dragon bites you!
The steam dragon claws you.
You barely miss the steam dragon.
A steam dragon is nearby!
You closely miss the steam dragon. The steam dragon breathes steam at you.
The ball of steam hits you!
A centaur comes into view.
The steam dragon bites you! The steam dragon misses you.
The centaur wields a +0 shortbow.
The centaur shoots an arrow.
The arrow barely misses you.
You scratch the steam dragon.
The steam dragon is lightly wounded.
The steam dragon bites you. The steam dragon closely misses you.
The centaur shoots an arrow.
The arrow barely misses you. The steam dragon bites you.
The steam dragon claws you.
Okay, then.
You closely miss the steam dragon.
The steam dragon is lightly wounded.
You are engulfed in a cloud of scalding steam.
The centaur shoots an arrow.
The arrow closely misses you. The steam dragon breathes steam at you.
The ball of steam hits you!
* * * LOW HITPOINT WARNING * * *
The centaur shoots an arrow.
The arrow hits you!
* * * LOW HITPOINT WARNING * * *
Okay, then.
The steam dragon closely misses you. The steam dragon barely misses you.
It was a potion of flight.
You feel very buoyant.
You fly up into the air.
The steam dragon barely misses you. x2
Unknown command.
It was a potion of degeneration.
There was something very wrong with that liquid.
You feel weakened.
You feel dopey.
You feel clumsy. The steam dragon bites you!
You die...

###..###..###....#
#.#..##..##
##....# #.#....##
#...... ######..##
##...##. #...###
...# ##.....# ...#
##.####.... ##).#
##.# #@)### #
#.D..####
#...../.#
#...c.....
#...##.... ....#
##.. ...... .
#..###.. #.# .#.


You could see a steam dragon (catching breath) and a centaur.

Vanquished Creatures
  A shadow (D:6)
  An orc warrior (D:4)
  An ice beast (D:5)
  2 sky beasts (D:6)
  A black bear (D:4)
  4 ogres
  2 scorpions (D:5)
  A water moccasin skeleton (D:5)
  A killer bee (D:4)
  A howler monkey (D:6)
  A centaur zombie (D:5)
  2 jellies
  A hound (D:4)
  4 iguanas
  A hound skeleton (D:5)
  A howler monkey zombie (D:6)
  3 gnolls (D:3)
  11 adders
  An ufetubus (D:6)
  A worm (D:3)
  A dart slug (D:1)
  10 orcs
  5 ball pythons
  11 endoplasms
  2 giant cockroaches
  11 goblins
  9 hobgoblins
  2 jackals (D:2)
  4 quokkas
  3 bats
  2 frilled lizards
  2 kobolds
  5 rats
108 creatures vanquished.

Notes
Turn   | Place    | Note
-------+----------+-------------------------------------------
     0 | D:1      | MacCMillion the Troll Monk began the quest for the Orb.
     0 | D:1      | Reached XP level 1. HP: 22/22 MP: 0/0
    68 | D:1      | You fall into a shaft and drop 1 floor!
   209 | D:1      | Reached XP level 2. HP: 29/29 MP: 1/1
   422 | D:1      | Found a faded altar of an unknown god.
   604 | D:2      | Reached XP level 3. HP: 33/36 MP: 2/2
   739 | D:2      | Reached skill level 4 in Unarmed Combat
   811 | D:2      | Reached XP level 4. HP: 44/44 MP: 3/3
  1205 | D:3      | Found a broken altar of Ashenzari.
  1586 | D:4      | Reached XP level 5. HP: 40/53 MP: 4/4
  1625 | D:4      | Noticed an ogre
  1675 | D:4      | Noticed an ogre
  1760 | D:4      | Killed an ogre
  1761 | D:4      | Reached skill level 5 in Unarmed Combat
  1762 | D:4      | Killed an ogre
  1763 | D:4      | Reached XP level 6. HP: 59/62 MP: 5/5
  1819 | D:4      | Reached skill level 6 in Unarmed Combat
  1989 | D:4      | Identified the +6 hunting sling "Cekhlu" {venom, rElec
                  | rCorr}
  2061 | D:4      | Noticed an orc warrior
  2113 | D:4      | Killed an orc warrior
  2114 | D:4      | Reached XP level 7. HP: 29/70 MP: 6/6
  2568 | D:5      | Entered Level 5 of the Dungeon
  2576 | D:5      | Reached skill level 7 in Unarmed Combat
  2938 | D:5      | Reached skill level 5 in Fighting
  2938 | D:5      | Reached skill level 8 in Unarmed Combat
  2938 | D:5      | Reached XP level 8. HP: 80/80 MP: 7/7
  2992 | D:5      | Found a sacrificial altar of Ru.
  3231 | D:6      | Found a shimmering blue altar of Sif Muna.
  3233 | D:6      | Found a glowing silver altar of Zin.
  3239 | D:6      | Found an ornate altar of the Wu Jian Council.
  3357 | D:6      | Found a staircase to the Ecumenical Temple.
  3449 | Temple   | Entered the Ecumenical Temple
  3600 | Temple   | Became a worshipper of Makhleb the Destroyer
  3600 | Temple   | Reached * piety under Makhleb
  3600 | Temple   | Reached ** piety under Makhleb
  3729 | D:6      | Reached skill level 9 in Unarmed Combat
  3729 | D:6      | Reached skill level 1 in Invocations
  4371 | D:7      | Slain by a steam dragon

Illustrated notes

Levels and vault maps discovered:
D:1:      sevenhm_arrival_forest_fort_large_2, layout_rooms,
          ebering_ecumenical_altar_mist, minmay_misc_feat_four_crosses
D:2:      layout_loops_ring
D:3:      corexii_shack_village, layout_basic, ashenzari_altar_1
D:4:      layout_basic, minmay_manual_mess
D:5:      layout_basic, nicolae_ru_path_of_blood, corexii_checkpoint_a,
          kennysheep_potato
D:6:      layout_loops_ring, grunt_temple_overflow_open,
          minmay_temple_entry_overgrown, minmay_manual_moon
D:7:      layout_layer_cave, grunt_decor_one_mirror
Temple:   regret_index_temple_sphere_string

Skill      XL: |  1  2  3  4  5  6  7  8 |
---------------+-------------------------+-----
Unarmed Combat | 4 5 6 8 9 |  9.3
Dodging        | 3 |  3.0
Fighting       | 3 4 5 |  5.6
Invocations    | 1 |  1.6
Stealth        | |  1.1

Action                   |  1- 3 |  4- 6 |  7- 9 || total
-------------------------+-------+-------+-------++-------
Melee: Unarmed           |    99 |   109 |   102 ||   310
       Punch             |     1 |     2 |     1 ||     4
  Use: Potion            |       |       |     2 ||     2
 Stab: Sleeping          |     1 |       |     1 ||     2
       Distracted        |       |       |     1 ||     1
Armor: Robe              |    32 |    19 |    28 ||    79
Dodge: Dodged            |    55 |    48 |    43 ||   146
